 Dungeon Crawl Stone Soup version 0.27-a0-96-gb51a1d6fd6 (webtiles) character file.

Game seed: 9126557154410947321

939 kae the Insei (level 7, 0/56 HPs)
             Began as a Demonspawn Monk on Jan 19, 2021.
             Was a Believer of Wu Jian.
             Slain by an orc warrior
             ... wielding a +0 quarterstaff
              (18 damage)
             ... on level 6 of the Dungeon.
             The game lasted 00:03:57 (7843 turns).

kae the Insei (Demonspawn Monk)                     Turns: 7843, Time: 00:03:58

Health: 0/56       AC: 11    Str: 14    XL:     7   Next: 87%
Magic:  16/16      EV: 11    Int: 11    God:    Wu Jian [**....]
Gold:   46         SH:  0    Dex: 15    Spells: 6/6 levels left

rFire    x . .     SeeInvis .     - Unarmed
rCold    + . .     Faith    .   (no shield)
rNeg     . . .     Spirit   .   s - +3 scale mail {Will+}
rPois    .         Reflect  .   (helmet restricted)
rElec    .         Harm     .   (no cloak)
rCorr    .         Rampage  .   (no gloves)
Will     +....                  (no boots)
Stlth    +.........             (no amulet)
HPRegen  0.18/turn              m - ring of ice
MPRegen  0.15/turn              j - ring of magical power

@: no status effects
A: horns 2, molten scales 1
a: Renounce Religion, Wall Jump


You were on level 6 of the Dungeon.
You worshipped Wu Jian.
Wu Jian was pleased with you.
You visited 2 branches of the dungeon, and saw 7 of its levels.

You collected 298 gold pieces.
You spent 252 gold pieces at shops.

Inventory:

Armour
 s - a +3 scale mail of willpower (worn)
Jewellery
 j - a ring of magical power (right hand)
 k - an uncursed ring of wizardry
 m - a ring of ice (left hand)
Wands
 q - a wand of polymorph (11)
Scrolls
 f - 6 scrolls of identify
 g - 3 scrolls of teleportation
 h - 2 scrolls of remove curse
 o - a scroll of magic mapping
 r - a scroll of enchant weapon
Potions
 b - 2 potions of lignification
 c - a potion of resistance
 d - 2 potions of flight
 e - 4 potions of curing
 i - a potion of mutation
 l - a potion of magic
 p - 2 potions of brilliance


   Skills:
 + Level 5.4 Fighting
 + Level 4.9 Dodging
 - Level 1.7 Stealth
 * Level 6.4 Unarmed Combat


You had 6 spell levels left.
You didn't know any spells.
Your spell library contained the following spells:

 Spells                   Type           Power        Failure   Level
 Animate Skeleton         Necr           0%           85%         1
 Apportation              Tloc           0%           85%         1
 Corona                   Hex            0%           85%         1
 Summon Small Mammal      Summ           0%           85%         1


Dungeon Overview and Level Annotations

Branches:
Dungeon (6/15)             Temple (1/1) D:5

Altars:
Ashenzari
Dithmenos
Elyvilon
Fedhas
Gozag
Hepliaklqana
Kikubaaqudgha
Makhleb
Nemelex Xobeh
Qazlal
Ru
Sif Muna
Uskayaw
Vehumet
Wu Jian
Xom
Yredelemnul
Zin
The Shining One

Shops:
D:4 [

Annotations:
D:3 Grinder
D:6 Menkaure


Innate Abilities, Weirdness & Mutations

You have a pair of horns on your head.
You are partially covered in molten scales. (AC +2)


Message History

The orc warrior hits you with a +0 quarterstaff!
The orc hits you but does no damage.
You punch the orc warrior!
The orc warrior is severely wounded.
The orc hits you but does no damage.
The orc warrior hits you with a +0 quarterstaff.
The orc hits you but does no damage.
You closely miss the orc warrior. You punch the orc warrior.
The orc warrior is almost dead.
The orc barely misses you. The orc warrior barely misses you.
The orc closely misses you.
Your scale mail prevents you from hitting the orc warrior.
The orc warrior is almost dead.
The orc hits you but does no damage. The orc warrior closely misses you.
The orc hits you but does no damage.
You hit the orc warrior but do no damage.
The orc warrior is almost dead.
The orc closely misses you.
The orc warrior hits you with a +0 quarterstaff!!
You die...

##+## .. #...# ...
#...##'## #......).
#........ #......
######oo.#
.......####...##@#####
.......#.......#o....#
.......+.......#.....#
.......#.......'.....#
.......#......##.....#
.......#####'###.....#
.......#......##.....#
.......#.............#
#......#.............+


You could see an orc warrior and 2 orcs.

Vanquished Creatures
  A water moccasin (D:5)
  2 phantoms
  A sky beast (D:5)
  A water moccasin skeleton (D:4)
  A bullfrog zombie (D:5)
  2 hounds
  A centaur skeleton (D:6)
  An orc priest (D:4)
  4 orc wizards
  2 worker ants (D:4)
  A worker ant zombie (D:5)
  7 gnolls
  2 adders
  A shadow imp (D:5)
  An ufetubus (D:5)
  An ooze (D:3)
  2 worms (D:2)
  2 dart slugs
  2 leopard geckos
  14 orcs
  4 giant cockroaches
  8 goblins
  6 hobgoblins
  11 jackals
  4 kobolds
  A quokka (D:2)
  2 ball pythons
  6 bats
  5 frilled lizards
  6 rats
102 creatures vanquished.

Notes
Turn   | Place    | Note
-------+----------+-------------------------------------------
     0 | D:1      | kae the Demonspawn Monk began the quest for the Orb.
     0 | D:1      | Reached XP level 1. HP: 18/18 MP: 1/1
   493 | D:1      | Reached skill level 3 in Unarmed Combat
   662 | D:1      | Gained mutation: You have a pair of small horns on your
                  | head. [demonic ancestry]
   662 | D:1      | Reached XP level 2. HP: 15/24 MP: 2/2
  1764 | D:2      | Reached XP level 3. HP: 28/29 MP: 3/3
  3003 | D:3      | Reached XP level 4. HP: 32/36 MP: 4/4
  3276 | D:3      | Reached skill level 4 in Unarmed Combat
  3622 | D:3      | Gained mutation: You have a pair of horns on your head.
                  | [demonic ancestry]
  3622 | D:3      | Reached XP level 5. HP: 32/42 MP: 5/5
  4239 | D:3      | Found a blossoming altar of Fedhas.
  4358 | D:3      | Noticed Grinder
  4907 | D:4      | Gained mutation: You are partially covered in molten
                  | scales. (AC +2) [demonic ancestry]
  4907 | D:4      | Reached XP level 6. HP: 38/48 MP: 6/6
  5309 | D:4      | Found Udghuumug's Armour Shoppe.
  5340 | D:4      | Reached skill level 5 in Unarmed Combat
  5618 | D:5      | Entered Level 5 of the Dungeon
  5990 | D:5      | Found a staircase to the Ecumenical Temple.
  6005 | Temple   | Entered the Ecumenical Temple
  6234 | Temple   | Became a worshipper of the Wu Jian Council
  6234 | Temple   | Reached * piety under Wu Jian
  6234 | Temple   | Reached ** piety under Wu Jian
  6278 | D:5      | Noticed a water moccasin
  6321 | D:5      | Reached XP level 7. HP: 55/55 MP: 7/7
  6790 | D:5      | Reached skill level 5 in Fighting
  6790 | D:5      | Reached skill level 6 in Unarmed Combat
  7278 | D:4      | Bought a +2 scale mail of willpower for 252 gold pieces
  7326 | D:6      | Noticed Menkaure
  7843 | D:6      | Slain by an orc warrior

Illustrated notes

Levels and vault maps discovered:
D:1:      lemuel_arrival_behind_the_door_large, layout_loops_cross
D:2:      layout_basic, hex_tiny
D:3:      layout_basic, fedhas_altar_4, uniq_grinder
D:4:      layout_loops_ring, serial_shops, shop
D:5:      layout_loops_ring, minmay_temple_entry_waves, minmay_fountain_box,
          chequers_serial_rivers_micro_e
D:6:      layout_gridville, minmay_shop_mayhem, grunt_potential, uniq_menkaure,
          uniq_duvessa, uniq_edmund
Temple:   hc_temple_tempest_star

Skill      XL: |  1  2  3  4  5  6  7 |
---------------+----------------------+-----
Unarmed Combat | 3 4 5 6 |  6.4
Dodging        | 3 4 |  4.9
Fighting       | 4 5 |  5.4
Stealth        | |  1.7

Action                   |  1- 3 |  4- 6 |  7- 9 || total
-------------------------+-------+-------+-------++-------
Melee: Unarmed           |   170 |   214 |    98 ||   482
       Headbutt          |    22 |    30 |    17 ||    69
       Punch             |       |     6 |     7 ||    13
Invok: Lunge             |       |     1 |     6 ||     7
       Whirlwind         |       |       |     1 ||     1
  Use: Scroll            |     9 |     7 |     1 ||    17
       Potion            |     3 |     1 |       ||     4
 Stab: Sleeping          |     3 |     2 |     1 ||     6
       Distracted        |     1 |       |       ||     1
Armor: Robe              |    38 |    23 |     8 ||    69
       Skin              |     2 |       |       ||     2
       Scale mail        |       |       |    24 ||    24
Dodge: Dodged            |   135 |   145 |    51 ||   331

Table legend: (Time is in decaauts)
 A = Elapsed time spent in this place.
 B = Non-inter-level travel time spent in this place.
 C = Inter-level travel time spent in this place.
 D = Time resting spent in this place.
 E = Time spent auto-exploring this place.
 F = Levels seen in this place.
 G = Mean time per level.
                   A        B        C        D        E       F      G
               +--------+--------+--------+--------+--------+-----+--------+
         Total |   7809 |   7544 |    265 |   2064 |   4610 |   7 | 1115.6 |
       Dungeon |   7552 |   7334 |    218 |   2064 |   4403 |   6 | 1258.7 |
        Temple |    256 |    209 |     47 |      0 |    207 |   1 |  256.0 |
               +--------+--------+--------+--------+--------+-----+--------+

Top non-repeatable levels by time:
     D:5: 1706 daAuts
     D:3: 1682 daAuts
     D:2: 1662 daAuts
     D:1: 1290 daAuts
     D:4: 992 daAuts
  Temple: 256 daAuts
     D:6: 218 daAuts
